 Dungeon Crawl Stone Soup version 0.28.0-47-ge53b351184 (webtiles) character file.

Game seed: 6929362388000531191

184 DildoBatman the Conjurer (level 5, 0/36 HPs)
             Began as a Formicid Conjurer on Apr 30, 2022.
             Slain by an orc
             ... wielding a +0 club
              (5 damage)
             ... on level 4 of the Dungeon.
             The game lasted 00:08:27 (3343 turns).

DildoBatman the Conjurer (Formicid Conjurer)        Turns: 3343, Time: 00:08:27

Health: 0/36       AC:  2    Str: 11    XL:     5   Next: 95%
Magic:  1/8        EV: 12    Int: 18    God:
Gold:   159        SH:  0    Dex: 11    Spells: 5/8 levels left

rFire   . . .      SeeInvis +   a - +2 whip (elec)
rCold   + . .      Faith    .   (no shield)
rNeg    . . .      Spirit   .   e - +0 robe
rPois   .          Reflect  .   (helmet unavailable)
rElec   .          Harm     .   (no cloak)
rCorr   .          Rampage  .   (no gloves)
Will    .....      Clarity  +   (no boots)
Stlth   ++........              (no amulet)
HPRegen 0.12/turn               (no ring)
MPRegen 0.11/turn               (no ring)

@: flying
A: permanent stasis, dig shafts and tunnels, antennae 3, four strong arms,
clarity, cold resistance 1
a: Dig, Shaft Self


You were on level 4 of the Dungeon.
You visited 1 branch of the dungeon, and saw 4 of its levels.

You collected 159 gold pieces.

Inventory:

Hand Weapons
 a - a +2 whip of electrocution (weapon)
 b - a +1 whip of venom
 d - a +0 long sword
Missiles
 c - 80 arrows
 h - 4 atropa-tipped darts
 k - 166 stones (quivered)
 m - 3 poisoned darts
Armour
 e - a +0 robe (worn)
Scrolls
 g - 2 scrolls of identify {unknown}
 j - 2 scrolls of teleportation {unknown}
 n - a scroll of amnesia {unknown}
 o - a scroll of magic mapping {unknown}
Potions
 i - a potion of curing {unknown}


   Skills:
 * Level 0.9 Fighting
 * Level 0.9 Armour
 - Level 1.7 Dodging
 - Level 2.4 Stealth
 * Level 2.4 Spellcasting
 * Level 5.8 Conjurations


You had 5 spell levels left.
You knew the following spells:

 Your Spells              Type           Power      Damage    Failure   Level
a - Searing Ray           Conj           46%        2d6       2%          2
c - Magic Dart            Conj           92%        1d7       1%          1

Your spell library contained the following spells:

 Spells                   Type           Power      Damage    Failure   Level
 Dazzling Flash           Conj/Hex       24%        N/A       16%         3
 Beastly Appendage        Tmut           4%         N/A       17%         1
 Fulminant Prism          Conj/Hex       6%         3d7       45%         4
 Iskenderun's Mystic Bla  Conj/Tloc      12%        2d5       45%         4


Dungeon Overview and Level Annotations

Branches:
Dungeon (4/15)
 Temple: D:4-7

Altars:

Shops:
D:2 :

Annotations:
D:2 exclusions: goblin and kobold, Jessica, Natasha, Terence
D:4 exclusion: bullfrog


Innate Abilities, Weirdness & Mutations

You cannot be hasted, slowed, berserked, paralysed or teleported.
You can dig through walls and to a lower floor.
You have a pair of large antennae on your head. (SInv)
Your four strong arms can wield two-handed weapons with a shield.
You possess an exceptional clarity of mind.
Your flesh is cold resistant. (rC+)


Message History

Aiming: Searing Ray (safe; 2% risk of failure)
Press: ? - help, Shift-Dir - straight line, f - orc priest, p - orc
Aim: an orc priest, wielding a +0 trident (78% to hit)
The searing ray hits the orc.
The orc is severely wounded.
The searing ray hits the orc.
The orc is severely wounded.
The searing ray misses the orc priest. (Press . to maintain the ray.)
The searing ray hits the orc.
You kill the orc!
The searing ray misses the orc priest.
The orc barely misses you.
The searing ray hits the orc priest.
The orc priest is moderately wounded.
The orc completely misses you.
The orc priest mumbles some strange prayers to Beogh against you.
Beogh smites you!
The searing ray hits the orc priest.
The orc priest is heavily wounded.
The searing ray hits the orc!
You kill the orc!
You finish channelling your searing ray.
The orc hits you but does no damage.
The orc priest calls upon Beogh to heal the orc.
The orc is healed somewhat.
The orc priest calls down the wrath of Beogh upon you.
Pain shoots through your body!
It was a potion of mutation.
You feel extremely strange.
Your thoughts seem clearer.
You feel resistant to cold.
The orc priest invokes the aid of Beogh against you.
Beogh smites you! The orc misses you.
It was a potion of flight.
You feel very buoyant.
You fly up into the air.
The orc hits you with a +0 club.
You die...

# #..######
##.#
########.###
#..#
##.......##.##
#.##
##.#######
...## #.# ...#
#..# #.# .###
#.###.#### ##
#........#
####
#........#
....
##.o@.....#
....
##...#######
=... #..o##
...# #...#)#
.#.. #.###{##
?##. .. #{.###
. .. ##...## .
# ###.o# ##.#


You could see an orc priest and an orc.

Vanquished Creatures
  A centaur skeleton (D:3)
  An iguana (D:4)
  6 adders
  A worm (D:3)
  2 dart slugs
  2 orcs (D:4)
  7 ball pythons
  9 bats
  4 endoplasms
  3 giant cockroaches
  6 goblins
  6 hobgoblins
  7 kobolds
  3 quokkas
  A frilled lizard (D:1)
  8 rats
67 creatures vanquished.

Vanquished Creatures (others)
  A plant (D:3)
1 creature vanquished.

Grand Total: 68 creatures vanquished

Notes
Turn   | Place    | Note
-------+----------+-------------------------------------------
     0 | D:1      | DildoBatman the Formicid Conjurer began the quest for the
                  | Orb.
     0 | D:1      | Reached XP level 1. HP: 13/13 MP: 3/3
   347 | D:1      | Reached skill level 4 in Conjurations
   347 | D:1      | Reached XP level 2. HP: 17/19 MP: 3/5
   439 | D:1      | Learned a level 2 spell: Searing Ray
   564 | D:1      | Reached XP level 3. HP: 13/24 MP: 1/6
   943 | D:2      | Noticed Jessica
  1129 | D:2      | Noticed Terence
  1475 | D:2      | Noticed Natasha
  1492 | D:2      | Reached XP level 4. HP: 24/30 MP: 0/7
  1550 | D:2      | Found Iging's Book Boutique.
  1653 | D:3      | Reached skill level 5 in Conjurations
  1798 | D:3      | Found a faded altar of an unknown god.
  1806 | D:3      | Got Plato's Compendium of Transmigration
  1870 | D:3      | Reached XP level 5. HP: 35/35 MP: 4/8
  3168 | D:4      | Noticed a bullfrog
  3342 | D:4      | Gained mutation: You possess an exceptional clarity of
                  | mind. [potion of mutation]
  3342 | D:4      | Gained mutation: Your flesh is cold resistant. (rC+)
                  | [potion of mutation]
  3343 | D:4      | Slain by an orc

Illustrated notes

Levels and vault maps discovered:
D:1:      minmay_arrival_shattered_statue, layout_loops_ring,
          supply_closet_lemuel
D:2:      layout_loops_corners, serial_forest, infiniplex_forest_fountain,
          infiniplex_forest_clump_long, infiniplex_forest_corner_1,
          infiniplex_forest_lined_2, infiniplex_forest_lined_corner,
          infiniplex_forest_clump_medium, infiniplex_forest_lined_2,
          serial_shops, shop, uniq_natasha, uniq_terence, uniq_jessica
D:3:      layout_basic, shapermc_ecumenical_altar_rom_forum
D:4:      layout_rooms, chequers_temple_overflow_minitemple

Skill      XL: |  1  2  3  4 |
---------------+-------------+-----
Conjurations   | 4 5 |  5.8
Fighting       | |  0.9
Armour         | |  0.9
Dodging        | |  1.7
Stealth        | |  2.4
Spellcasting   | |  2.4

Action                   |  1- 3 |  4- 6 || total
-------------------------+-------+-------++-------
Melee: Whip              |    14 |    14 ||    28
       Punch             |       |     1 ||     1
Throw: Stone             |    12 |       ||    12
 Cast: Magic Dart        |    50 |    40 ||    90
       Searing Ray       |     3 |     8 ||    11
 Abil: Dig               |     1 |       ||     1
  Use: Potion            |       |     2 ||     2
 Stab: Sleeping          |     1 |       ||     1
Armor: Robe              |     3 |     1 ||     4
Dodge: Dodged            |    14 |    14 ||    28
